Map: 荣耀祭坛-天梯版

Players

电脑难度(新手)

  • Race: Terran Terran

hAppynOOb - Winner!

  • Race: Protoss Protoss
  • League: Diamond

VOD

Have the link to the VOD?

Description

Time

  • Played on: Feb. 20, 2022, 7:31 a.m.
  • Length: 10:33
Show
View Real Time Build Order
Export as new Build Order

电脑难度(新手) Terran 

Build Orders:  

Get SALT Encoding   

  12  0:00  SCV  
  13  0:13  SCV  
  14  0:18  Supply Depot  
  14  0:37  Refinery  
  14  0:43  Barracks  
  14  1:03  Supply Depot  
  14  1:12  Refinery  
  14  1:30  Marine, Orbital Command  
  15  1:49  Barracks Tech Lab  
  15  1:55  SCV  
  16  2:07  SCV  
  17  2:13  Marine  
  18  2:19  SCV  
  19  2:32  SCV  
  20  2:44  SCV  
  21  2:56  Marauder, SCV  
  24  5:01  Marine  
  22  5:07  SCV  
  22  5:09  Supply Depot  
  14  5:19  SCV  
  7  5:30  Marauder  
  7  5:31  SCV  
  9  5:43  SCV  
  10  5:56  SCV  
  11  5:59  Marauder  
  13  6:08  SCV  
  12  6:20  SCV  
  13  6:26  Marine  
  13  6:32  SCV  
  14  6:33  Factory  
  14  6:36  Command Center  
  14  6:44  SCV  
  14  6:56  SCV  
  14  6:59  Marine  
  16  7:08  SCV  
  16  7:19  Starport  
  16  7:20  SCV  
  13  7:32  Marine, SCV  
  15  7:44  SCV  
  16  7:56  Starport Tech Lab  
  16  7:57  SCV  
  15  8:05  Hellion  
  14  8:09  SCV  
  15  8:15  Command Center  
  15  8:16  Raven  
  17  8:21  SCV  
  17  8:33  Hellion, SCV  
  19  8:45  SCV  
  19  8:57  SCV  
  19  8:59  Raven  
  22  9:06  Marine  
  22  9:09  SCV  
  20  9:10  Supply Depot  
  16  9:21  SCV  
  10  9:27  SCV  
  6  9:35  Hellion  
  6  9:39  SCV  
  8  9:51  SCV  
  9  9:55  Supply Depot  
  5  10:03  SCV  
  4  10:15  SCV  
Show
View Real Time Build Order
Export as new Build Order

hAppynOOb Protoss - Winner!

Build Orders: 1 Gate Expand, Dark Templar Rush 

Get SALT Encoding   

  12  0:00  Probe  
  13  0:12  Probe  
  14  0:17  Pylon  
  14  0:24  Probe  
  15  0:36  Probe (Chrono Boost)  
  15  0:37  Gateway  
  16  0:48  Assimilator  
  16  0:49  Probe (Chrono Boost)  
  17  0:55  Probe (Chrono Boost)  
  18  1:03  Probe  
  19  1:15  Probe  
  20  1:25  Nexus  
  20  1:37  Cybernetics Core  
  20  1:38  Probe  
  21  1:44  Assimilator  
  21  1:50  Probe  
  21  1:53  Pylon  
  22  2:02  Probe  
  23  2:13  Adept (Chrono Boost)  
  23  2:14  Warp Gate  
  25  2:17  Probe  
  26  2:26  Twilight Council  
  26  2:29  Probe  
  27  2:40  Probe  
  27  2:41  Stalker (Chrono Boost)  
  27  2:43  Probe  
  31  2:53  Probe (Chrono Boost)  
  31  2:54  Robotics Facility  
  33  2:58  Probe (Chrono Boost)  
  33  3:04  Probe (Chrono Boost)  
  34  3:07  Probe (Chrono Boost)  
  35  3:14  Probe  
  36  3:20  Dark Shrine  
  36  3:21  Probe  
  36  3:26  Probe  
  38  3:33  Probe  
  39  3:36  Gateway  
  39  3:38  Probe  
  39  3:40  Gateway  
  40  3:43  Warp Prism (Chrono Boost)  
  40  3:45  Probe  
  43  3:52  Probe  
  44  3:56  Pylon, Assimilator  
  44  3:58  Probe  
  44  3:59  Pylon  
  45  4:08  Probe  
  46  4:14  Stalker  
  46  4:17  Probe  
  49  4:21  Pylon, Probe  
  50  4:30  Probe  
  51  4:33  Probe  
  52  4:38  Dark Templar  
  52  4:39  Dark Templar x2  
  52  4:43  Probe  
  59  4:45  Probe  
  59  4:48  Nexus  
  60  4:54  Assimilator  
  60  4:57  Observer (Chrono Boost)  
  61  5:03  Probe x2  
  63  5:14  Robotics Bay  
  63  5:15  Probe x2  
  63  5:16  Observer (Chrono Boost)  
  63  5:18  Pylon  
  63  5:20  Pylon  
  66  5:30  Stalker x2  
  70  5:39  Pylon, Probe x2  
  72  5:43  Stalker  
  72  5:45  Observer (Chrono Boost)  
  75  5:51  Probe x2  
  77  5:58  Forge  
  77  5:59  Forge  
  77  6:03  Probe x2, Colossus (Chrono Boost)  
  79  6:08  Probe  
  86  6:13  Stalker  
  86  6:14  Stalker x2  
  86  6:15  Probe x2  
  94  6:18  Shield Battery  
  94  6:20  Probe  
  95  6:27  Protoss Ground Weapons Level 1 (Chrono Boost), Probe x2, Protoss Ground Armor Level 1 (Chrono Boost)  
  95  6:32  Probe  
  98  6:39  Probe x2  
  100  6:41  Gateway  
  100  6:42  Extended Thermal Lance, Gateway  
  100  6:44  Probe, Gateway  
  101  6:48  Pylon  
  101  6:51  Probe x2  
  101  6:52  Sentry  
  105  6:56  Probe  
  105  6:59  Stalker  
  108  7:03  Probe  
  108  7:06  Probe  
  108  7:08  Probe  
  111  7:09  Assimilator  
  111  7:11  Assimilator  
  111  7:22  Stalker x2  
  115  7:23  Stalker  
  115  7:27  Nexus  
  117  7:35  Pylon  
  117  7:38  Pylon  
  117  7:39  Pylon  
  117  7:42  Pylon  
  117  7:44  Pylon  
  117  7:49  Gateway x2  
  117  7:52  Gateway, Colossus  
  117  7:56  Robotics Facility  
  117  7:58  Shield Battery  
  123  8:01  Shield Battery  
  123  8:02  Pylon  
  123  8:05  Pylon  
  123  8:06  Stalker x2  
  123  8:07  Sentry  
  123  8:08  Stalker x3  
  135  8:20  Protoss Ground Weapons Level 2 (Chrono Boost), Protoss Ground Armor Level 2 (Chrono Boost)  
  135  8:38  Probe x3  
  138  8:41  Archon  
  138  8:44  Stalker x4  
  138  8:45  Stalker  
  138  8:46  Stalker x2  
  138  8:47  Stalker  
  154  9:00  Shield Battery  
  154  9:01  Immortal x2  
  154  9:02  Photon Cannon  
  162  9:11  Stalker x3  
  168  9:29  Stalker x2  
  168  9:30  Stalker x2  
  176  9:36  Assimilator  
  176  9:39  Stalker x2  
  176  9:40  Assimilator  
  180  9:51  Pylon  
  180  9:52  Pylon, Immortal x2  
  188  9:54  Pylon  
  188  10:12  Stalker x4  
  188  10:13  Stalker x2  
Tags
 
Add a new tag
Caveats
  • Supply blocks, unpowered buildings, or Contaminate may cause inaccurate times.
  • Supply counts are checked every 10 seconds.